 Dungeon Crawl Stone Soup version 0.29-a0-563-g64e4043184 (webtiles) character file.

Game seed: 5152089202039367980

700 Cecillian the Bolt Thrower (level 7, -10/51 (54) HPs)
             Began as a Formicid Hunter on June 11, 2022.
             Mangled by an iguana (12 damage)
             ... on level 4 of the Dungeon.
             The game lasted 00:07:18 (2809 turns).

Cecillian the Bolt Thrower (Formicid Hunter)        Turns: 2809, Time: 00:07:19

HP:   -10/51 (54)   AC:  6    Str: 18    XL:     7   Next: 98%
MP:   7/7           EV: 10    Int:  8    God:
Gold: 71            SH:  4    Dex: 14    Spells: 6/6 levels left

rFire   . . .      SeeInvis +   a - +2 hand crossbow
rCold   . . .      Faith    .   g - +0 buckler
rNeg    . . .      Spirit   .   e - +0 ring mail
rPois   .          Reflect  .   (helmet unavailable)
rElec   .          Harm     .   (no cloak)
rCorr   .          Rampage  .   (no gloves)
Will    .....                   m - +0 pair of boots
Stlth   ++........              (no amulet)
HPRegen 0.17/turn               (no ring)
MPRegen 0.10/turn               (no ring)

@: brilliant, drained
A: permanent stasis, dig shafts and tunnels, antennae 3, four strong arms
a: Dig, Shaft Self


You were on level 4 of the Dungeon.
You visited 1 branch of the dungeon, and saw 4 of its levels.
You also visited: Ossuary.

You collected 71 gold pieces.

Inventory:

Hand Weapons
 a - a +2 hand crossbow (weapon)
 j - a +0 short sword of protection
 l - a +1 flail of protection
Armour
 e - a +0 ring mail (worn)
 g - a +0 buckler (worn)
 m - a +0 pair of boots (worn)
Jewellery
 o - a ring of willpower
Wands
 i - a wand of paralysis (7)
 t - a wand of polymorph (12)
 u - a wand of flame (24)
Scrolls
 b - a scroll of enchant weapon
 c - a scroll of immolation
 d - a scroll of brand weapon {unknown}
 f - a scroll of poison {unknown}
 n - a scroll of magic mapping {unknown}
 r - 2 scrolls of summoning {unknown}
 s - 3 scrolls of teleportation {unknown}
 w - a scroll of amnesia {unknown}
Potions
 k - 2 potions of flight
 p - a potion of heal wounds {unknown}
 x - a potion of magic


   Skills:
 + Level 4.2 Fighting
 * Level 7.9 Crossbows
 - Level 1.7 Armour
 - Level 1.7 Dodging
 + Level 2.8 Stealth
 - Level 0.7 Shields


You had 6 spell levels left.
You didn't know any spells.
Your spell library contained the following spells:

 Spells                   Type           Power      Damage    Failure   Level
 Magic Dart               Conj           0%         1d3       67%         1
 Sandblast                Erth           0%         2d4       67%         1
 Call Imp                 Summ           0%         N/A       82%         2
 Mephitic Cloud           Conj/Pois/Air  0%         N/A       96%         3


Dungeon Overview and Level Annotations

Branches:
Dungeon (3/15)            Ossuary (visited)

Altars:


Innate Abilities, Weirdness & Mutations

You cannot be hasted, slowed, berserked, paralysed or teleported.
You can dig through walls and to a lower floor.
You have a pair of large antennae on your head. (SInv)
Your four strong arms can wield two-handed weapons with a shield.


Message History

The iguana closely misses you. You block the iguana's attack.
You shoot a bolt. The bolt hits the iguana.
The iguana is lightly wounded.
The iguana bites you!
You shoot a bolt. The bolt hits the iguana.
The iguana is moderately wounded.
The iguana barely misses you.
You shoot a bolt. The bolt hits the iguana.
The iguana is heavily wounded.
The iguana bites you.
You shoot a bolt.
The bolt hits the iguana but does no damage.
The iguana is heavily wounded.
The iguana bites you!
You are too injured to fight recklessly!
Shoot: a) +2 hand crossbow
Press: ? - help, Q - select action, (/) - cycle Shift-Dir - straight line, f/p - iguana
Aim: an iguana (heavily wounded, 70% to hit)
You shoot a bolt.
The bolt hits the iguana but does no damage.
The iguana is heavily wounded.
The iguana bites you but does no damage.
The iguana closely misses you.
Aiming: Throw Flame
Press: ? - help, Shift-Dir - straight line, f/p - iguana
Aim: an iguana (heavily wounded, 72% to hit)
The puff of flame hits the iguana.
The iguana is severely wounded.
The iguana bites you!
* * * LOW HITPOINT WARNING * * *
Aiming: Paralyse
Press: ? - help, Shift-Dir - straight line, f/p - iguana
Aim: an iguana (severely wounded, chance to affect: 57%)
The iguana resists with significant effort.
The iguana bites you!
* * * LOW HITPOINT WARNING * * *
It was a potion of brilliance.
You feel clever all of a sudden. The iguana bites you!
You die...

....!.......#
.M..........#
..g<........#
............#
...g........# .........#
#.....# ### #.# ##.##
.## #.####@#.#
....##..##l####
........#.....##
...............##
................##
.................#
...............#'#######
...............#.#.#.'.#
...............#.#'#'###


You could see an iguana.

Vanquished Creatures
  Sigmund (D:2)
  A wraith (Ossuary)
  Menkaure (D:4)
  An elf zombie (D:4)
  An elf skeleton (D:4)
  Jessica (D:2)
  Robin (D:1)
  4 gnolls
  An adder (D:2)
  2 adder zombies (Ossuary)
  A dart slug (D:1)
  3 bats
  2 giant cockroaches (D:1)
  12 goblins
  7 hobgoblins
  2 kobolds (D:2)
  3 quokkas
  3 ball pythons
  3 ball python skeletons (Ossuary)
  A frilled lizard (D:1)
  A hobgoblin skeleton (Ossuary)
  4 orc skeletons
  4 orc zombies
  3 rats (D:1)
63 creatures vanquished.

Vanquished Creatures (others)
  A fungus (D:2)
  3 plants (D:2)
4 creatures vanquished.

Grand Total: 67 creatures vanquished

Notes
Turn   | Place    | Note
-------+----------+-------------------------------------------
     0 | D:1      | Cecillian the Formicid Hunter began the quest for the Orb.
     0 | D:1      | Reached XP level 1. HP: 16/16 MP: 1/1
   111 | D:1      | Reached XP level 2. HP: 22/22 MP: 2/2
   162 | D:1      | Reached XP level 3. HP: 27/27 MP: 3/3
   418 | D:2      | Found a faded altar of an unknown god.
   429 | D:2      | Got Plato's Almanac of Earth
   660 | D:2      | Reached skill level 5 in Crossbows
   753 | D:2      | Noticed Robin
   779 | D:2      | Noticed Jessica
   780 | D:2      | Reached XP level 4. HP: 23/31 MP: 4/4
   907 | D:1      | Killed Robin
   993 | D:2      | Killed Jessica
   995 | D:2      | Reached XP level 5. HP: 27/41 MP: 5/5
  1401 | D:2      | Noticed Sigmund
  1981 | D:2      | Killed Sigmund
  1982 | D:2      | Reached skill level 6 in Crossbows
  1982 | D:2      | Reached skill level 1 in Armour
  1982 | D:2      | Reached XP level 6. HP: 23/47 MP: 6/6
  2162 | D:3      | You fall into a shaft and drop 1 floor!
  2176 | D:4      | Found a sand-covered staircase.
  2211 | D:4      | Reached skill level 7 in Crossbows
  2241 | D:4      | Reached XP level 7. HP: 38/52 MP: 7/7
  2304 | Ossuary  | Entered an ossuary
  2409 | Ossuary  | Noticed a flying skull
  2409 | Ossuary  | Noticed a wraith
  2416 | Ossuary  | Noticed a flying skull
  2427 | Ossuary  | Noticed a wraith
  2443 | Ossuary  | Killed a wraith
  2453 | Ossuary  | Noticed a flying skull
  2457 | Ossuary  | Noticed a flying skull
  2597 | Ossuary  | Noticed a flying skull
  2684 | D:4      | Noticed Menkaure
  2712 | D:4      | Killed Menkaure
  2808 | D:4      | HP: 2/51 [iguana (12)]
  2809 | D:4      | Mangled by an iguana

Illustrated notes

Levels and vault maps discovered:
D:1:      dpeg_arrival_tiny_f, layout_rooms, minmay_tiny_reverse_x
D:2:      layout_loops_cross, shapermc_ecumenical_altar_rom_forum,
          grunt_ministairs_9, minmay_misc_feat_encased, minmay_misc_feat_chi,
          uniq_jessica, uniq_sigmund, uniq_robin
D:3:      layout_rooms, gammafunk_ghost_smash, serial_shops, shop,
          chequers_arboretum, kennysheep_doodads
D:4:      layout_rooms, nicolae_ossuary_entry_catacombs, uniq_menkaure,
          uniq_crazy_yiuf_cottage

Skill      XL: |  1  2  3  4  5  6  7 |
---------------+----------------------+-----
Crossbows      | 5 6 7 |  7.9
Fighting       | 3 4 |  4.2
Armour         | 1 |  1.7
Stealth        | 2 |  2.8
Dodging        | |  1.7
Shields        | |  0.7

Action                   |  1- 3 |  4- 6 |  7- 9 || total
-------------------------+-------+-------+-------++-------
Melee: Flail             |       |       |    11 ||    11
 Fire: Hand crossbow     |    56 |   127 |    43 ||   226
 Abil: Dig               |     3 |       |     2 ||     5
Evoke: Wand              |       |       |     3 ||     3
  Use: Scroll            |       |     1 |     3 ||     4
       Potion            |       |       |     2 ||     2
Armor: Ring mail         |    13 |    56 |    16 ||    85
Dodge: Dodged            |    16 |    70 |    20 ||   106
Block: Buckler           |     5 |    18 |     4 ||    27

Table legend: (Time is in decaauts)
 A = Elapsed time spent in this place.
 B = Non-inter-level travel time spent in this place.
 C = Inter-level travel time spent in this place.
 D = Time resting spent in this place.
 E = Time spent auto-exploring this place.
 F = Levels seen in this place.
 G = Mean time per level.
                   A        B        C        D        E       F      G
               +--------+--------+--------+--------+--------+-----+--------+
         Total |   2889 |   2789 |    100 |    783 |   1046 |   5 |  577.8 |
       Dungeon |   2525 |   2425 |    100 |    708 |   1046 |   4 |  631.2 |
       Ossuary |    363 |    363 |      0 |     75 |      0 |   1 |  363.0 |
               +--------+--------+--------+--------+--------+-----+--------+

Top non-repeatable levels by time:
     D:2: 1309 daAuts
     D:1: 908 daAuts
 Ossuary: 363 daAuts
     D:4: 307 daAuts
